 Dungeon Crawl Stone Soup version 0.27.1-1-g398f81649c (webtiles) character file.

Game seed: 13206459637947947710

2981 MisterFreud the Blocker (level 9, -1/74 HPs)
             Began as a Gnoll Fighter on Sept 14, 2021.
             Was an Elder of Okawaru.
             Slain by Joseph (2 damage)
             ... on level 7 of the Dungeon.
             The game lasted 00:08:51 (7606 turns).

MisterFreud the Blocker (Gnoll Fighter)             Turns: 7606, Time: 00:08:52

Health: -1/74      AC: 15    Str: 16    XL:     9   Next: 83%
Magic:  0/15       EV: 10    Int: 16    God:    Okawaru [****..]
Gold:   168        SH: 12    Dex: 12    Spells: 17/17 levels left

rFire    . . .     SeeInvis .   L - +2 whip (elec)
rCold    . . .     Faith    .   c - +0 kite shield
rNeg     . . .     Spirit   +   v - +0 chain mail
rPois    +         Reflect  .   (no helmet)
rElec    .         Harm     .   (no cloak)
rCorr    .         Rampage  .   G - +1 pair of gloves
Will     .....                  (no boots)
Stlth    +.........             A - amulet of guardian spirit
HPRegen  0.22/turn              g - +6 ring of intelligence
MPRegen  0.14/turn              w - ring of poison resistance

@: heroic
A: fangs 1, strong nose, distributed training
a: Renounce Religion, Heroism


You were on level 7 of the Dungeon.
You worshipped Okawaru.
Okawaru was greatly pleased with you.
You visited 2 branches of the dungeon, and saw 8 of its levels.

You collected 265 gold pieces.
You spent 97 gold pieces at shops.

Inventory:

Hand Weapons
 a - a +0 rapier
 p - a +2 long sword of protection
 J - a +3 scimitar
 K - a +5 short sword
 L - a +2 whip of electrocution (weapon)
Missiles
 l - 44 poisoned darts (quivered)
 C - 13 boomerangs
 F - 2 throwing nets
Armour
 b - a +0 scale mail
 c - a +0 kite shield (worn)
 v - a +0 chain mail (worn)
 G - a +1 pair of gloves (worn)
Jewellery
 g - a +6 ring of intelligence (left hand)
 j - a ring of ice
 w - a ring of poison resistance (right hand)
 y - an amulet of regeneration
 A - an amulet of guardian spirit (around neck)
 D - a +6 ring of strength
Wands
 B - a wand of digging (7)
Scrolls
 e - a scroll of teleportation {unknown}
 f - 2 scrolls of silence {unknown}
 h - a scroll of immolation {unknown}
 i - a scroll of fog {unknown}
 s - a scroll of fear {unknown}
 t - a scroll of blinking {unknown}
 u - a scroll of amnesia {unknown}
 x - 2 scrolls of enchant armour
 E - a scroll of acquirement {unknown}
 I - 2 scrolls of identify
 M - a scroll of magic mapping {unknown}
Potions
 d - a potion of might
 k - 3 potions of curing
 m - a potion of flight
 n - a potion of mutation
 o - a potion of heal wounds
 q - a potion of attraction
 r - a potion of haste
 z - a potion of berserk rage
 H - a potion of ambrosia


   Skills:
 + Level 8.1(13.1) Fighting
 + Level 6.6(11.6) Short Blades
 + Level 4.6(9.6) Long Blades
 + Level 4.6(9.6) Axes
 + Level 4.6(9.6) Maces & Flails
 + Level 4.6(9.6) Polearms
 + Level 4.6(9.6) Staves
 + Level 4.6(9.6) Slings
 + Level 4.6(9.6) Bows
 + Level 4.6(9.6) Crossbows
 + Level 4.6(9.6) Throwing
 + Level 8.1(13.1) Armour
 + Level 4.6(9.6) Dodging
 + Level 4.6(9.6) Stealth
 + Level 8.1(13.1) Shields
 + Level 4.6(9.6) Unarmed Combat
 + Level 4.6 Spellcasting
 + Level 3.8 Conjurations
 + Level 3.8 Hexes
 + Level 3.8 Summonings
 + Level 3.8 Necromancy
 + Level 3.8 Translocations
 + Level 3.8 Transmutations
 + Level 3.8 Fire Magic
 + Level 3.8 Ice Magic
 + Level 3.8 Air Magic
 + Level 3.8 Earth Magic
 + Level 3.8 Poison Magic
 + Level 5.1 Invocations
 + Level 4.6 Evocations


You had 17 spell levels left.
You didn't know any spells.
Your spell library contained the following spells:

 Spells                   Type           Power      Damage    Failure   Level
 Beastly Appendage        Tmut           30%        N/A       36%         1
 Slow                     Hex            15%        N/A       50%         2
 Sublimation of Blood     Necr           7%         N/A       50%         2
 Wereblood                Tmut           15%        N/A       50%         2
 Confusing Touch          Hex            15%        N/A       73%         3
 Spider Form              Tmut/Pois      7%         N/A       73%         3
 Vampiric Draining        Necr           7%         2d7       73%         3
 Summon Hydra             Summ           7%         N/A       100%        7


Dungeon Overview and Level Annotations

Branches:
Dungeon (7/15)             Temple (1/1) D:4

Altars:
Fedhas
Gozag
Makhleb
Nemelex Xobeh
Okawaru
Qazlal
Ru
Sif Muna
Trog
Uskayaw
Wu Jian
Zin

Shops:
D:6 *[(

Annotations:
D:7 Joseph


Innate Abilities, Weirdness & Mutations

You have very sharp teeth.
Your uncanny sense of smell can sniff out nearby items.
Your experience applies equally to all skills.


Message History

You hit Joseph but do no damage. Lightning courses through Joseph!
You bite Joseph, but do no damage.
Joseph is moderately wounded.
The gnoll hits you but does no damage. Joseph barely misses you.
You closely miss Joseph.
Joseph is moderately wounded.
You hit Joseph.
Joseph is moderately wounded.
The gnoll completely misses you.
Joseph hits you with a +2 vorpal quarterstaff!
* * * LOW HITPOINT WARNING * * *
x2 You closely miss Joseph.
Joseph is moderately wounded.
You block the gnoll's attack.
You hit Joseph.
Joseph is moderately wounded.
Joseph hits you but does no damage.
Unknown command.
You hit Joseph. Lightning courses through Joseph!!
Joseph is severely wounded.
The gnoll barely misses you.
Joseph hits you with a +2 vorpal quarterstaff!
* * * LOW HITPOINT WARNING * * *
x2 You whack Joseph!
Joseph is severely wounded.
The gnoll hits you but does no damage. You block Joseph's attack.
Unknown command.
You barely miss Joseph. Your bite misses Joseph.
Joseph is severely wounded.
You hit Joseph but do no damage. Lightning courses through Joseph!
Joseph is almost dead.
The gnoll closely misses you.
Joseph tries to grin evilly.
You block Joseph's attack.
You barely miss Joseph. Your bite misses Joseph.
Joseph is almost dead.
You block the gnoll's attack.
Joseph hits you with a +2 vorpal quarterstaff!
* * * LOW HITPOINT WARNING * * *
You die...

# ## .#######.#
.........#
..######.# ## .##
#.# ##. ##
#..###..## #
#.#....@.# #
#.######@# ##
#.##...#.# .##
#.##._.#g# ..##
#.##...#g# ...##
##.##'''#g#
....####...#..§#.#
....'......'.§§'.#
....####...'.≈g'.#
...## ##..'.≈.'.#


You could see Joseph and 3 gnolls.

Vanquished Creatures
  Grinder (D:3)
  Sigmund (D:3)
  A steam dragon (D:6)
  3 water moccasins
  2 ice beasts
  An orc warrior (D:7)
  2 ogres
  2 necrophages (D:7)
  A centaur (D:6)
  2 kobold brigands
  3 bullfrogs
  2 gnoll sergeants
  2 scorpions
  A water moccasin zombie (D:6)
  A howler monkey (D:6)
  4 wights (D:7)
  A jelly (D:5)
  2 hounds
  A centaur skeleton (D:7)
  2 orc wizards
  4 iguanas
  3 killer bee zombies
  11 gnolls
  7 adders
  A howler monkey skeleton (D:7)
  2 white imps
  An ufetubus (D:6)
  An adder skeleton (D:2)
  3 worms
  A dart slug (D:4)
  15 orcs
  5 bats
  7 endoplasms
  A giant cockroach (D:2)
  4 goblins
  7 hobgoblins
  5 jackals
  15 kobolds
  6 quokkas
  7 ball pythons
  3 frilled lizards
  2 rats
146 creatures vanquished.

Vanquished Creatures (others)
  5 plants (D:3)
5 creatures vanquished.

Grand Total: 151 creatures vanquished

Notes
Turn   | Place    | Note
-------+----------+-------------------------------------------
     0 | D:1      | MisterFreud the Gnoll Fighter began the quest for the Orb.
     0 | D:1      | Reached XP level 1. HP: 23/23 MP: 1/1
   127 | D:1      | Reached XP level 2. HP: 29/29 MP: 2/2
   299 | D:1      | Found a faded altar of an unknown god.
   307 | D:1      | Became a worshipper of Warmaster Okawaru
   307 | D:1      | Reached * piety under Okawaru
   902 | D:2      | Reached XP level 3. HP: 35/35 MP: 3/3
  1033 | D:2      | Reached skill level 1 in Invocations
  1109 | D:2      | Reached skill level 1 in Long Blades
  1109 | D:2      | Reached skill level 1 in Axes
  1109 | D:2      | Reached skill level 1 in Maces & Flails
  1109 | D:2      | Reached skill level 1 in Polearms
  1109 | D:2      | Reached skill level 1 in Staves
  1109 | D:2      | Reached skill level 1 in Slings
  1109 | D:2      | Reached skill level 1 in Bows
  1109 | D:2      | Reached skill level 1 in Crossbows
  1109 | D:2      | Reached skill level 1 in Throwing
  1109 | D:2      | Reached skill level 1 in Dodging
  1109 | D:2      | Reached skill level 1 in Stealth
  1109 | D:2      | Reached skill level 1 in Unarmed Combat
  1109 | D:2      | Reached skill level 1 in Spellcasting
  1109 | D:2      | Reached skill level 1 in Evocations
  1298 | D:2      | Reached XP level 4. HP: 34/41 MP: 5/5
  1677 | D:3      | Reached skill level 1 in Conjurations
  1677 | D:3      | Reached skill level 1 in Hexes
  1677 | D:3      | Reached skill level 1 in Summonings
  1677 | D:3      | Reached skill level 1 in Necromancy
  1677 | D:3      | Reached skill level 1 in Translocations
  1677 | D:3      | Reached skill level 1 in Transmutations
  1677 | D:3      | Reached skill level 1 in Fire Magic
  1677 | D:3      | Reached skill level 1 in Ice Magic
  1677 | D:3      | Reached skill level 1 in Air Magic
  1677 | D:3      | Reached skill level 1 in Earth Magic
  1677 | D:3      | Reached skill level 1 in Poison Magic
  2043 | D:3      | Noticed Grinder
  2049 | D:3      | Paralysed by Grinder for 4 turns
  2060 | D:3      | Killed Grinder
  2061 | D:3      | Reached skill level 5 in Short Blades
  2061 | D:3      | Reached XP level 5. HP: 15/47 MP: 3/7
  2061 | D:3      | Reached XP level 6. HP: 17/53 MP: 3/8
  2313 | D:3      | Noticed Sigmund
  2329 | D:3      | Killed Sigmund
  2329 | D:3      | Reached ** piety under Okawaru
  2330 | D:3      | Reached XP level 7. HP: 27/59 MP: 8/10
  2810 | D:3      | Found a burning altar of Makhleb.
  3477 | D:4      | Found a staircase to the Ecumenical Temple.
  3729 | D:4      | Noticed a +0 falchion
  3731 | D:4      | Noticed a +0 spear
  3732 | D:4      | Noticed a +0 spear
  3732 | D:4      | Noticed a +0 short sword
  3732 | D:4      | Noticed a +0 dagger
  3759 | D:4      | Noticed a +0 dagger
  3759 | D:4      | Noticed a +0 short sword
  3759 | D:4      | Noticed a +0 falchion
  3771 | D:4      | Found a hide-covered altar of Uskayaw.
  4112 | Temple   | Entered the Ecumenical Temple
  4122 | D:5      | Entered Level 5 of the Dungeon
  4330 | D:5      | Reached XP level 8. HP: 67/67 MP: 12/12
  4344 | D:5      | Found an opulent altar of Gozag.
  4402 | D:5      | Found a glowing silver altar of Zin.
  5188 | D:6      | Found Zietaudio's Antique Weapon Boutique.
  5534 | D:6      | Reached *** piety under Okawaru
  5633 | D:6      | Found Izam's Armour Boutique.
  5673 | D:6      | Found Yseps's General Store.
  5711 | D:6      | Bought a scroll of enchant armour for 97 gold pieces
  5780 | D:6      | Reached XP level 9. HP: 66/72 MP: 12/14
  6157 | D:6      | Found an iron altar of Okawaru.
  6459 | D:6      | Found a sacrificial altar of Ru.
  6651 | D:7      | Found a shimmering blue altar of Sif Muna.
  6737 | D:7      | Reached **** piety under Okawaru
  7184 | D:7      | Found a blossoming altar of Fedhas.
  7382 | D:7      | Reached skill level 5 in Invocations
  7559 | D:7      | Found a stormy altar of Qazlal.
  7567 | D:7      | Found an ornate altar of the Wu Jian Council.
  7590 | D:7      | Noticed Joseph
  7606 | D:7      | HP: 1/74 [Joseph (6)]
  7606 | D:7      | Slain by Joseph

Illustrated notes

Levels and vault maps discovered:
D:1:      dpeg_arrival_boxorama, layout_basic, ebering_ecumenical_altar_rust
D:2:      layout_loops_ring, kennysheep_generic_room_8
D:3:      layout_loops_ring, mainiacjoe_overflow_boulevard,
          kennysheep_generic_room_7, uniq_sigmund, uniq_grinder
D:4:      layout_basic, nicolae_uskayaw_en_pointe,
          minmay_temple_entry_drinking_statues
D:5:      layout_cave_pools, pdpol_temple_overflow_zin_treasury_gozag_greed
D:6:      layout_basic, okawaru_trees_1, nicolae_ru_path_of_blood, serial_shops,
          shop, nicolae_inconvenience_store,
          nicolae_shop_temple_entry_statues_fountains
D:7:      layout_loops_corners, marbit_many_paths,
          nicolae_sif_muna_condensation, mainiacjoe_overflow_big_doors,
          kennysheep_generic_room_2, uniq_joseph
Temple:   compressed_dpeg_triangle_lava_temple

Skill      XL: |  1  2  3  4  5  6  7  8  9 |
---------------+----------------------------+-----
Invocations    | 1 2 3 4 5 |  5.1
Long Blades    | 1 2 3 4 |  4.6
Axes           | 1 2 3 4 |  4.6
Maces & Flails | 1 2 3 4 |  4.6
Polearms       | 1 2 3 4 |  4.6
Staves         | 1 2 3 4 |  4.6
Slings         | 1 2 3 4 |  4.6
Bows           | 1 2 3 4 |  4.6
Crossbows      | 1 2 3 4 |  4.6
Throwing       | 1 2 3 4 |  4.6
Dodging        | 1 2 3 4 |  4.6
Stealth        | 1 2 3 4 |  4.6
Unarmed Combat | 1 2 3 4 |  4.6
Spellcasting   | 1 2 3 4 |  4.6
Evocations     | 1 2 3 4 |  4.6
Conjurations   | 1 2 3 |  3.8
Hexes          | 1 2 3 |  3.8
Summonings     | 1 2 3 |  3.8
Necromancy     | 1 2 3 |  3.8
Translocations | 1 2 3 |  3.8
Transmutations | 1 2 3 |  3.8
Fire Magic     | 1 2 3 |  3.8
Ice Magic      | 1 2 3 |  3.8
Air Magic      | 1 2 3 |  3.8
Earth Magic    | 1 2 3 |  3.8
Poison Magic   | 1 2 3 |  3.8
Short Blades   | 5 6 |  6.6
Fighting       | 7 8 |  8.1
Armour         | 7 8 |  8.1
Shields        | 7 8 |  8.1

Action                   |  1- 3 |  4- 6 |  7- 9 || total
-------------------------+-------+-------+-------++-------
Melee: Rapier            |    90 |       |       ||    90
       Bite              |     6 |     7 |    61 ||    74
       Long sword        |       |    63 |   462 ||   525
       Whip              |       |       |    64 ||    64
Throw: Dart              |       |       |     2 ||     2
Invok: Heroism           |       |     1 |     5 ||     6
  Use: Potion            |       |     3 |       ||     3
       Scroll            |       |       |     7 ||     7
Armor: Scale mail        |    27 |    24 |     3 ||    54
       Chain mail        |       |       |   294 ||   294
Dodge: Dodged            |    29 |    10 |   118 ||   157
Block: Kite shield       |    44 |    22 |   311 ||   377
       Rpst.: Long sword |       |     4 |    27 ||    31
